 Dungeon Crawl Stone Soup version 0.29-a0-559-g359e09b9d1 (webtiles) character file.

Game seed: 15394819479336128463

632300 supermoro06 the Gargoyle Barricade (level 27, -2/195 HPs)
             Began as a Gargoyle Fighter on June 9, 2022.
             Was an Initiate of Gozag.
             Slain by an emperor scorpion (12 damage)
             ... summoned by a royal mummy
             ... on level 9 of a ziggurat.
             The game lasted 02:26:03 (77733 turns).

supermoro06 the Gargoyle Barricade (GrFi)          Turns: 77733, Time: 02:26:04

Health: -2/195     AC: 64    Str: 56      XL:     27
Magic:  23/23      EV: 15    Int: 12      God:    Gozag
Gold:   3578       SH: 24    Dex: 11 (13) Spells: 26/26 levels left

rFire   + + +      SeeInvis +   a - +9 morningstar of the Modern Olives {drain, Str+2 Dex+4}
rCold   + + +      Faith    .   H - +2 shield of Resistance {rF++ rC++ Will++}
rNeg    + + +      Spirit   .   y - +9 scales of the Dragon King {rPois rF+ rC+ Will+}
rPois   ∞          Reflect  +   (helmet restricted)
rElec   +          Harm     .   T - +0 cloak "Ymocs" {Str+6}
rCorr   +          Rampage  .   w - +0 pair of gloves of Cuzym {rF+ rN++}
Will    +++++      Clarity  +   B - +2 pair of boots
Stlth   ..........              R - amulet of Pyromania {Reflect rN+ Regen+ Int+3 SH+5}
HPRegen 1.22/turn               W - ring "Uqiepeum" {rN+ rCorr Str+5 SInv Stlth-}
MPRegen 0.18/turn               h - ring of Thoughtfulness {Str+9 SInv}

@: gold aura, flying, studying Ice Magic, unable to read
A: sickness immunity, AC +20, big wings, negative energy resistance 1,
electricity resistance, torment resistance 1, petrification resistance, antennae
1, clarity, deterioration 1, evolution 1, inability to read while threatened
}: 3/15 runes: barnacled, silver, gossamer
a: Renounce Religion, Potion Petition, Call Merchant, Bribe Branch


You were on level 9 of a ziggurat.
You worshipped Gozag.
Gozag was most pleased with you.
You visited 14 branches of the dungeon, and saw 58 of its levels.
You visited 1 ziggurat, and saw 9 of its levels.
You also visited: Bailey.

You collected 30177 gold pieces.
You spent 6777 gold pieces at shops.
You paid 19822 gold pieces to Gozag.

Inventory:

Hand Weapons
 a - the +9 morningstar of the Modern Olives (weapon) {drain, Str+2 Dex+4}
   (You found it on level 5 of the Dungeon)

   A truly terrible weapon, it drains the life of any living foe it strikes.
   Str:       It affects your strength (+2).
   Dex:       It affects your dexterity (+4).
 n - the +5 flail of the Many Wars {flame, Int+3}
   (You took it off an orc on level 4 of the Dungeon)

   It burns those it strikes, dealing additional fire damage.
   Int:       It affects your intelligence (+3).
Armour
 j - the +0 helmet of the Six Telling Gods {Str+4}
   (You bought it in a shop on level 4 of the Depths)

   Str:       It affects your strength (+4).
 w - the +0 pair of gloves of Cuzym (worn) {rF+ rN++}
   (You acquired it on level 10 of the Dungeon)

   rF:        It protects you from fire.
   rN:        It greatly protects you from negative energy.
 y - the +9 scales of the Dragon King (worn) {rPois rF+ rC+ Will+}
   (You found it on level 6 of a ziggurat)

   rF:        It protects you from fire.
   rC:        It protects you from cold.
   rPois:     It protects you from poison.
   Will:      It increases your willpower.
 B - a +2 pair of boots (worn)
 H - the +2 shield of Resistance (worn) {rF++ rC++ Will++}
   (You bought it in a shop on level 9 of the Dungeon)

   rF:        It greatly protects you from fire.
   rC:        It greatly protects you from cold.
   Will:      It greatly increases your willpower.
 T - the +0 cloak "Ymocs" (worn) {Str+6}
   (You acquired it on level 4 of the Vaults)

   Str:       It affects your strength (+6).
Jewellery
 h - the ring of Thoughtfulness (right hand) {Str+9 SInv}
   (You bought it in a shop on level 2 of the Orcish Mines)

   [ring of see invisible]

   Str:       It affects your strength (+9).
   SInv:      It lets you see invisible.
 R - the amulet of Pyromania (around neck) {Reflect rN+ Regen+ Int+3 SH+5}
   (You took it off a deep elf death mage on level 3 of the Elven Halls)

   [amulet of reflection]

   It reflects blocked missile attacks.
   Int:       It affects your intelligence (+3).
   rN:        It protects you from negative energy.
   Regen:     It increases your rate of health regeneration.
   SH:        It affects your SH (+5).
 W - the ring "Uqiepeum" (left hand) {rN+ rCorr Str+5 SInv Stlth-}
   (You found it on level 3 of the Crypt)

   [ring of positive energy]

   Str:       It affects your strength (+5).
   rN:        It protects you from negative energy.
   SInv:      It lets you see invisible.
   rCorr:     It protects you from acid and corrosion.
   Stlth:     It makes you less stealthy.
Wands
 k - a wand of polymorph (16)
 u - a wand of mindburst (59)
 x - a wand of flame (136)
 C - a wand of paralysis (17)
 D - a wand of iceblast (37)
 E - a wand of charming (7)
 O - a wand of acid (13)
Scrolls
 c - 10 scrolls of amnesia
 e - 8 scrolls of teleportation
 m - 7 scrolls of magic mapping
 o - 54 scrolls of identify
 p - 7 scrolls of enchant weapon
 q - 6 scrolls of blinking
 r - 13 scrolls of fog
 t - 6 scrolls of poison
 v - 9 scrolls of fear
 K - 3 scrolls of enchant armour
 P - a scroll of silence
 Q - 2 scrolls of brand weapon
 S - a scroll of summoning
Potions
 b - 7 potions of invisibility
 d - 7 potions of might
 g - 6 potions of berserk rage
 l - 8 potions of resistance
 s - 17 potions of curing
 z - 10 potions of haste
 A - 10 potions of brilliance
 G - 9 potions of ambrosia
 I - 10 potions of cancellation
 L - 5 potions of magic
Miscellaneous
 i - the horn of Geryon
 J - a lightning rod (3/4)


   Skills:
 * Level 25.7 Fighting
 * Level 23.7 Maces & Flails
 * Level 25.7 Armour
 + Level 14.7 Dodging
 O Level 27 Shields
 + Level 0.5 Evocations


You had 26 spell levels left.
You didn't know any spells.
Your spell library contained the following spells:

 Spells                   Type           Power      Damage    Failure   Level
 Apportation              Tloc           0%         N/A       65%         1
 Freeze                   Ice            0%         1d3       65%         1
 Magic Dart               Conj           0%         1d3       65%         1
 Necrotize                Necr           0%         1d4       65%         1
 Sandblast                Erth           0%         2d4       65%         1
 Shock                    Conj/Air       0%         1d3       65%         1
 Slow                     Hex            0%         N/A       65%         1
 Summon Small Mammal      Summ           0%         N/A       65%         1
 Blink                    Tloc           0%         N/A       80%         2
 Ensorcelled Hibernation  Hex/Ice        0%         N/A       80%         2
 Passwall                 Tmut/Erth      0%         N/A       80%         2
 Poisonous Vapours        Pois/Air       0%         N/A       80%         2
 Searing Ray              Conj           0%         2d4       80%         2
 Wereblood                Tmut           0%         N/A       80%         2
 Call Canine Familiar     Summ           0%         N/A       95%         3
 Confusing Touch          Hex            0%         N/A       95%         3
 Conjure Flame            Conj/Fire      0%         6-21      95%         3
 Frozen Ramparts          Ice            0%         1d2       95%         3
 Gell's Gravitas          Tloc           0%         N/A       95%         3
 Ignite Poison            Fire/Tmut/Pois 0%         N/A       95%         3
 Lesser Beckoning         Tloc           0%         N/A       95%         3
 Ozocubu's Armour         Ice            0%         N/A       95%         3
 Portal Projectile        Hex/Tloc       0%         N/A       95%         3
 Spider Form              Tmut/Pois      0%         N/A       95%         3
 Stone Arrow              Conj/Erth      0%         3d7       95%         3
 Summon Guardian Golem    Hex/Summ       0%         N/A       95%         3
 Teleport Other           Tloc           0%         N/A       95%         3
 Tukima's Dance           Hex            0%         N/A       95%         3
 Vampiric Draining        Necr           0%         2d6       95%         3
 Airstrike                Air            0%         N/A       100%        4
 Anguish                  Hex/Necr       0%         N/A       100%        4
 Animate Armour           Summ/Erth      0%         N/A       100%        4
 Dispel Undead            Necr           0%         3d6       100%        4
 Fulminant Prism          Conj/Hex       0%         3d6       100%        4
 Hailstorm                Conj/Ice       0%         3d3       100%        4
 Ice Form                 Ice/Tmut       0%         N/A       100%        4
 Petrify                  Tmut/Erth      0%         N/A       100%        4
 Sticky Flame             Conj/Fire      0%         2d3       100%        4
 Summon Ice Beast         Ice/Summ       0%         N/A       100%        4
 Summon Lightning Spire   Summ/Air       0%         N/A       100%        4
 Alistair's Intoxication  Tmut/Pois      0%         N/A       100%        5
 Blade Hands              Tmut           0%         N/A       100%        5
 Borgnjor's Vile Clutch   Necr/Erth      0%         N/A       100%        5
 Fireball                 Conj/Fire      0%         3d3       100%        5
 Irradiate                Conj/Tmut      0%         3d13      100%        5
 Iskenderun's Battlesphe  Conj           0%         2d6       100%        5
 Lightning Bolt           Conj/Air       0%         1d11      100%        5
 Manifold Assault         Tloc           0%         N/A       100%        5
 Metabolic Englaciation   Hex/Ice        0%         N/A       100%        5
 Summon Mana Viper        Hex/Summ       0%         N/A       100%        5
 Yara's Violent Unravell  Hex/Tmut       0%         3d3       100%        5
 Conjure Ball Lightning   Conj/Air       0%         3x3d6     100%        6
 Dispersal                Tloc           0%         N/A       100%        6
 Eringya's Noxious Bog    Tmut/Pois      0%         N/A       100%        6
 Iron Shot                Conj/Erth      0%         9d1       100%        6
 Starburst                Conj/Fire      0%         6d3       100%        6
 Dragon Form              Tmut           0%         N/A       100%        7
 Enfeeble                 Hex            0%         N/A       100%        7
 Haunt                    Necr/Summ      0%         N/A       100%        7
 Monstrous Menagerie      Summ           0%         N/A       100%        7
 Spellforged Servitor     Conj/Summ      0%         N/A       100%        7
 Storm Form               Tmut/Air       0%         N/A       100%        7
 Summon Hydra             Summ           0%         N/A       100%        7
 Borgnjor's Revivificati  Necr           0%         N/A       100%        8
 Discord                  Hex            0%         N/A       100%        8
 Disjunction              Tloc           0%         N/A       100%        8
 Ignition                 Fire           0%         3d3       100%        8
 Infestation              Necr           0%         N/A       100%        8
 Lehudib's Crystal Spear  Conj/Erth      0%         10d2      100%        8
 Necromutation            Tmut/Necr      0%         N/A       100%        8
 Chain Lightning          Conj/Air       0%         N/A       100%        9
 Death's Door             Necr           0%         N/A       100%        9
 Fire Storm               Conj/Fire      0%         5d1       100%        9
 Shatter                  Erth           0%         3d5*      100%        9
 Sublimation of Blood     Necr           Unusable   N/A       N/A         2
 Animate Dead             Necr           Unusable   N/A       N/A         4
 Corpse Rot               Necr/Pois/Air  Unusable   N/A       N/A         4
 Statue Form              Tmut/Erth      Unusable   N/A       N/A         6

Dungeon Overview and Level Annotations

Branches:
Dungeon (15/15)            Temple (1/1) D:7            Lair (6/6) D:9
 Shoals (4/4) Lair:4       Spider (4/4) Lair:3        Slime (5/5) Lair:6
    Orc (2/2) D:10            Elf (3/3) Orc:2        Vaults (5/5) D:14
  Crypt (3/3) Vaults:2       Tomb (2/3) Crypt:3      Depths (4/4) D:15
   Hell (visited)             Dis (0/7) Hell            Geh (0/7) Hell
    Coc (0/7) Hell            Tar (0/7) Hell            Zot (3/5) Depths:4
 Bailey (visited)

Altars:
Ashenzari
Cheibriados
Dithmenos
Elyvilon
Fedhas
Gozag
Hepliaklqana
Kikubaaqudgha
Makhleb
Nemelex Xobeh
Okawaru
Qazlal
Ru
Sif Muna
Trog
Uskayaw
Vehumet
Wu Jian
Xom
Yredelemnul
Zin
The Shining One

Shops:
D:9 =[(([   D:10 *   D:13 !   D:14 =[   D:15 *   Orc:1 [   Orc:2 (!?=:
Elf:1 ?   Elf:2 :   Elf:3 :*:==   Vaults:4 [   Depths:1 (   Depths:2 =[
Depths:4 [!

Portals:
Hell: Depths:1 Depths:2 Depths:3 Depths:4
Abyss: Depths:3 Depths:4
Pandemonium: Depths:2 Depths:3

Annotations:
Slime:5 Royal Jelly
Elf:1 1 runed translucent door, Muybrudgh's ghost, journeyman DsFi
Vaults:2 2 transporters, Wixyl's ghost, adept DsEE


Innate Abilities, Weirdness & Mutations

You are immune to sickness and miasma.
Your stone body is resilient. (AC +20)
You are immune to poison.
Your large and strong wings let you fly.
You resist negative energy. (rN+)
You are resistant to electric shocks. (rElec)
You are resistant to unholy torment.
You are immune to petrification.
You have a pair of small antennae on your head.
You possess an exceptional clarity of mind.
Your body sometimes deteriorates upon taking damage.
You have hidden genetic potential.
You sometimes lose the ability to read scrolls when taking damage.


Message History

The emperor scorpion stings you but does no damage.
The emperor scorpion misses you.
You block the emperor scorpion's attack.
You feel better.
You feel yourself speed up.
The mummy priest is no longer distracted by gold.
You block the death scarab's attack.
The death scarab bites you but does no damage.
The emperor scorpion stings you but does no damage.
You block the emperor scorpion's attack.
The emperor scorpion claws you but does no damage.
The emperor scorpion stings you!
* * * LOW HITPOINT WARNING * * *
You block the emperor scorpion's attack.
The emperor scorpion misses you.
The royal mummy casts a spell.
You block the emperor scorpion's attack. x2
The emperor scorpion claws you but does no damage.
The guardian mummy completely misses you.
The guardian mummy hits you but does no damage.
You feel better.
The emperor scorpion seems less drained.
The death scarab misses you.
The death scarab is distracted by your dazzling golden aura.
The emperor scorpion stings you!
* * * LOW HITPOINT WARNING * * *
The emperor scorpion claws you but does no damage.
You block the emperor scorpion's attack.
The death scarab is distracted by your dazzling golden aura.
You block the emperor scorpion's attack.
The emperor scorpion misses you.
The emperor scorpion closely misses you.
You block the emperor scorpion's attack.
The emperor scorpion barely misses you.
The emperor scorpion claws you but does no damage.
The mummy priest utters an invocation to its god.
The ushabti shakes and rattles deafeningly!
The emperor scorpion stings you!
You die...
Your body crumbles into a pile of gold.

▓▓▓▓▓▓▓▓▓▓▓
▓▓.........▓
▓▓...........
▓▓ZB..........
▓▓BzZB...B...M.
▓▓4MMVZ.........$
▓9ssBVM.........
▓▓s@MMzM4.......
▓▓MsM..........
▓▓BZ..........
▓▓...........
▓▓.........▓
▓▓▓▓▓▓▓▓▓▓▓


You could see a royal mummy, 4 emperor scorpions, a mummy priest, a jiangshi
(summoned), a hellwing (summoned), 3 guardian mummies, an ushabti (catching
breath), a spectral glowing shapeshifter (summoned), a chaos spawn (summoned), a
vampire (summoned, invisible), 6 death scarabs, a flying skull (summoned), 3
mummies, a wight (summoned), a caustic shrike simulacrum, a shadow dragon
skeleton (summoned) and a hell knight skeleton (summoned).

Vanquished Creatures
  Dissolution (Slime:3)
  2 dread liches
  Khufu (Crypt:1)
  An orb of fire (Zot:1)
  5 ancient liches
  Mara (Vaults:2)
  A juggernaut (Zig:5)
  6 royal mummies
  Parghit (Depths:4)
  A shard shrike (Zig:2)
  2 pandemonium lords (Zig:8)
  2 Killer Klowns
  Xtahua (Depths:3)
  Geryon (Hell)
  A caustic shrike (Depths:3)
  10 golden dragons
  A profane servitor (Crypt:3)
  5 bone dragons
  Jory (Crypt:1)
  An electric golem (Zot:1)
  2 iron giants
  Arachne (Spider:3)
  2 hellephants
  13 tentacled monstrosities
  Rupert (D:15)
  An Ice Fiend (Depths:2)
  A tainted leviathan (Hell)
  A searing wretch (Zig:3)
  8 liches
  2 deep elf blademasters
  A quicksilver dragon (shapeshifter) (Zig:8)
  A walking earthen tome (Depths:3)
  A deep elf master archer (Elf:3)
  2 quicksilver dragons (Zot:2)
  4 titans
  7 death cobs
  14 sphinxes
  19 acid blobs
  2 ancient champions
  Murray (Depths:1)
  Agnes (Elf:2)
  A sphinx (shapeshifter) (Zig:8)
  Kirke (D:13)
  A revenant (Crypt:3)
  11 tengu reavers
  A draconian monk (Depths:4)
  9 storm dragons
  5 azure jellies
  3 rockslimes
  6 shadow dragons
  Donald (Vaults:3)
  An iron dragon (Depths:3)
  2 nagarajas (Depths:3)
  9 fire giants
  10 vault wardens
  Louise (Shoals:4)
  17 frost giants
  5 deep elf sorcerers (Elf:3)
  A quicksilver elemental (Zig:4)
  A balrug (Depths:1)
  2 juggernaut zombies
  An orc warlord (Vaults:1)
  7 ghost moths (Spider:4)
  An emperor scorpion (Spider:2)
  2 cacodemons
  3 draconian scorchers
  6 deep elf elementalists (Elf:3)
  A caustic shrike zombie (Crypt:1)
  24 ironbound preservers
  A ghoul (Crypt:3)
  2 spriggan defenders (Depths:4)
  4 quicksilver oozes
  10 reapers
  3 draconian annihilators (Depths:3)
  3 war gargoyles
  A draconian stormcaller (Zot:1)
  A stone giant (shapeshifter) (Zig:8)
  2 broodmothers
  13 stone giants
  29 very ugly things
  5 ironbound thunderhulks
  6 green draconians
  7 deep elf demonologists
  Nessos (D:15)
  6 vampire knights
  3 white draconians (Zot:2)
  2 black draconians (Zot:1)
  4 putrid mouths
  7 entropy weavers
  8 deep elf annihilators
  3 purple draconians
  9 yellow draconians
  The ghost of FrechFries the Severer, a journeyman HOFi of Ashenzari (D:13)
  18 dire elephants
  An entropy weaver (shapeshifter) (Zig:7)
  A spark wasp (Depths:3)
  2 red draconians
  11 deep elf death magi
  A crystal guardian (Vaults:3)
  11 fire dragons
  A green death (Depths:1)
  3 merfolk javelineers
  4 eidola
  2 iron golems (Depths:1)
  17 mummy priests
  12 ettins
  8 merfolk impalers
  2 blizzard demons (Depths:1)
  Josephine (D:14)
  22 jiangshi
  3 rakshasas
  A great orb of eyes (shapeshifter) (Zig:8)
  4 deep elf high priests (Elf:3)
  3 spriggan zombies
  An alligator snapping turtle (Shoals:3)
  15 boulder beetles
  8 great orbs of eyes
  8 yaktaur captains
  2 catoblepae (Lair:5)
  4 hydras
  A peacekeeper (Vaults:3)
  A spectral shadow dragon (Crypt:3)
  12 ice dragons
  35 vault guards
  A catoblepas (shapeshifter) (Zig:8)
  4 ironbound frosthearts
  5 ogre magi
  3 merfolk aquamancers
  3 spriggan air magi
  4 death knights (Crypt:3)
  A jorogumo (Spider:4)
  9 centaur warriors
  5 merfolk avatars
  4 deep troll shamans
  20 two-headed ogres
  9 death yaks
  14 death scarabs
  5 tengu warriors
  2 satyrs
  10 hell hogs
  An orc high priest (D:14)
  6 deep troll earth magi
  5 vampire magi
  Sonja (D:11)
  4 soul eaters
  2 spriggan berserkers
  A crystal echidna (Zig:4)
  2 sun demons (Depths:1)
  8 hell knights
  A storm dragon zombie (Crypt:2)
  Nergalle (Orc:1)
  4 shadow wraiths
  32 skeletal warriors
  15 deep elf knights
  A golden dragon zombie (Depths:3)
  4 pharaoh ants
  11 iron trolls
  A sun moth (Spider:4)
  A swamp dragon (Zig:1)
  8 flayed ghosts
  2 goliath frogs (Lair:6)
  13 sea snakes
  5 steelbarb worms
  7 wizards
  A kraken simulacrum (Shoals:4)
  69 deep trolls
  5 glowing orange brains
  7 orb spiders
  A steelbarb worm (shapeshifter) (D:13)
  4 spriggan simulacra
  19 ironbound convokers
  8 lindwurms
  A shadow dragon zombie (D:15)
  10 deep elf archers
  2 large abominations (Crypt:3)
  A lindwurm (shapeshifter) (Vaults:4)
  7 phantasmal warriors
  10 orc knights
  32 deep elf pyromancers
  44 harpies
  7 shining eyes
  17 deep elf zephyrmancers
  6 orc sorcerers
  10 necromancers
  11 wolf spiders
  33 ugly things
  8 cyclopes
  17 manticores
  A manticore (shapeshifter) (D:13)
  A cyclops (shapeshifter) (Elf:1)
  An elephant (shapeshifter) (Depths:3)
  28 elephants
  6 fauns
  12 merfolk sirens
  17 moths of wrath
  17 vault sentinels
  9 black mambas
  6 torpor snails
  A guardian serpent (shapeshifter) (D:13)
  2 eyes of devastation
  2 ice statues (Hell)
  6 water nymphs
  2 rust devils (Hell)
  An apocalypse crab (Zig:8)
  2 smoke demons (Depths:1)
  An unseen horror (shapeshifter) (Vaults:4)
  A torpor snail (shapeshifter) (Depths:2)
  An eye of devastation (shapeshifter) (Vaults:5)
  Maggie (D:6)
  A storm dragon simulacrum (Depths:3)
  23 cane toads
  A naga skeleton (Tomb:2)
  A sea snake zombie (Hell)
  13 demonic crawlers
  2 hellions
  5 rime drakes
  16 komodo dragons
  An unseen horror (D:10)
  A tormentor (Tomb:1)
  9 tengu conjurers
  10 freezing wraiths
  32 yaktaurs
  3 hydra zombies (Hell)
  3 human skeletons
  A white draconian skeleton (Crypt:1)
  21 merfolk
  A catoblepas skeleton (Crypt:2)
  2 red devils
  A sea snake skeleton (Hell)
  5 polar bears
  A harpy zombie (Tomb:1)
  A queen bee (shapeshifter) (D:11)
  17 trolls
  A golden dragon simulacrum (Depths:2)
  8 meliai
  28 guardian mummies
  A hydra skeleton (Hell)
  A hornet (Depths:4)
  A queen bee (Spider:3)
  A tengu simulacrum (Depths:2)
  A harpy skeleton (Crypt:1)
  2 polar bears (shapeshifter)
  Prince Ribbit (Bailey)
  23 tarantellas
  7 wind drakes
  2 tyrant leeches (Lair:6)
  13 snapping turtles
  95 slime creatures
  A human simulacrum (Vaults:4)
  16 blink frogs (Lair:6)
  A jumping spider (shapeshifter) (Zig:7)
  27 jumping spiders
  An alligator zombie (Crypt:1)
  A culicivora (shapeshifter) (D:15)
  An alligator skeleton (Hell)
  4 shadows
  2 spriggan skeletons
  3 air elementals (Elf:1)
  14 culicivoras
  66 flying skulls
  2 vampires
  A wyvern (shapeshifter) (D:13)
  2 black mamba skeletons
  A spriggan (Depths:4)
  3 wyverns
  11 wraiths
  61 yaks
  A ynoxinul (Depths:2)
  An ettin skeleton (Crypt:1)
  17 humans
  4 fire elementals (Elf:1)
  2 hogs
  5 ushabtiu
  14 water elementals
  3 basilisks
  A chaos spawn (Zig:8)
  Eustachio (D:5)
  2 steam dragons (shapeshifter)
  7 golden eyes
  4 neqoxecs
  Grum (D:9)
  31 redbacks
  A steam dragon (D:6)
  7 vampire mosquitoes
  A minotaur simulacrum (Elf:1)
  An elf skeleton (Vaults:4)
  3 wargs
  A glowing shapeshifter zombie (Crypt:2)
  Edmund (D:5)
  A harpy simulacrum (Elf:1)
  9 water moccasins
  2 acid dragons
  4 hell hounds (Depths:1)
  A floating eye (Depths:3)
  A water nymph zombie (Crypt:2)
  3 glowing shapeshifter skeletons
  A black bear (shapeshifter) (D:13)
  19 orc warriors
  2 sky beasts
  2 ettin simulacra
  4 black bears
  2 ice beasts (Zig:2)
  An alligator simulacrum (Elf:1)
  A fire dragon simulacrum (Crypt:3)
  31 ogres
  An elephant skeleton (Crypt:1)
  9 wolves
  5 boggarts (Vaults:2)
  9 centaurs
  A shining eye zombie (Crypt:1)
  2 small abominations (Crypt:3)
  A phantom (D:6)
  2 earth elementals
  9 necrophages
  2 kobold brigands
  24 bullfrogs
  2 scorpions
  2 gnoll sergeants
  A naga simulacrum (Crypt:1)
  16 wights
  A yak zombie (Crypt:1)
  32 killer bees
  2 lindwurm simulacra (Elf:1)
  A polar bear skeleton (Crypt:2)
  12 howler monkeys
  An electric eel (Lair:6)
  2 gnoll shamans
  4 hounds
  4 orc priests
  Crazy Yiuf (D:5)
  8 jellies
  A bullfrog skeleton (Crypt:2)
  6 iguanas
  A basilisk skeleton (Crypt:1)
  5 hell rats
  11 orc wizards
  21 mummies
  17 gnolls
  A steam dragon zombie (Crypt:2)
  4 adders
  3 shadow imps
  A swamp drake skeleton (Crypt:1)
  A white imp (D:3)
  3 ufetubi
  A worm (D:5)
  A dart slug (D:4)
  51 orcs
  5 endoplasms
  2 giant cockroaches
  13 goblins
  A hobgoblin (shapeshifter) (D:13)
  10 hobgoblins
  4 jackals (D:4)
  10 quokkas
  8 ball pythons
  A ball python zombie (Crypt:2)
  5 bats
  5 frilled lizards
  15 kobolds
  4 rats
  A creeping inferno (Hell)
  6 fire vortices (Hell)
  A tentacle (Shoals:4)
2432 creatures vanquished.

Vanquished Creatures (others)
  30 dancing weapons
  A deep elf pyromancer (Elf:2)
  A water elemental (Elf:1)
  A redback (Spider:2)
  A warg (Vaults:5)
  A floating eye (shapeshifter) (Depths:4)
  An orc wizard (D:8)
  A hell rat (Depths:1)
  An orc (Vaults:5)
  A bush (Lair:6)
  A creeping inferno (Hell)
  A fire vortex (Hell)
  59 fungi
  130 plants
  8 tentacles (Shoals:4)
  5 withered plants (D:15)
243 creatures vanquished.

Grand Total: 2675 creatures vanquished

Notes
Turn   | Place    | Note
-------+----------+-------------------------------------------
     0 | D:1      | supermoro06 the Gargoyle Fighter began the quest for the
                  | Orb.
     0 | D:1      | Reached XP level 1. HP: 14/14 MP: 1/1
   492 | D:1      | Reached XP level 2. HP: 19/19 MP: 2/2
  1140 | D:1      | Found a faded altar of an unknown god.
  1165 | D:1      | Reached XP level 3. HP: 20/23 MP: 3/3
  2351 | D:2      | Reached XP level 4. HP: 29/29 MP: 4/4
  3135 | D:4      | Noticed a scorpion
  3139 | D:4      | Identified the +5 flail of the Many Wars {flame, Int+3}
  3151 | D:4      | Killed a scorpion
  3152 | D:4      | Reached skill level 1 in Dodging
  3152 | D:4      | Reached skill level 4 in Shields
  3152 | D:4      | Reached XP level 5. HP: 31/33 MP: 5/5
  3673 | D:3      | Reached XP level 6. HP: 7/39 MP: 6/6
  4349 | D:4      | Reached XP level 7. HP: 44/44 MP: 7/7
  4458 | D:5      | Entered Level 5 of the Dungeon
  4475 | D:5      | Reached skill level 5 in Fighting
  4475 | D:5      | Reached skill level 5 in Armour
  4475 | D:5      | Reached skill level 5 in Shields
  4700 | D:5      | Reached XP level 8. HP: 33/50 MP: 8/8
  5000 | D:5      | Noticed Edmund
  5007 | D:5      | Killed Edmund
  5008 | D:5      | Reached skill level 5 in Maces & Flails
  5008 | D:5      | Reached skill level 6 in Shields
  5073 | D:5      | Identified the +9 morningstar of the Modern Olives {drain,
                  | Str+2 Dex+4}
  5173 | D:5      | Noticed Eustachio
  5192 | D:5      | Killed Eustachio
  5428 | D:5      | Found a runed translucent door.
  5429 | D:5      | Noticed Crazy Yiuf
  5751 | D:5      | Killed Crazy Yiuf
  5906 | D:6      | Found a basalt altar of Yredelemnul.
  6157 | D:6      | Reached XP level 9. HP: 56/56 MP: 9/9
  6427 | D:6      | Noticed Maggie
  6435 | D:6      | Killed Maggie
  6436 | D:6      | Reached skill level 7 in Shields
  6894 | D:7      | Found a staircase to the Ecumenical Temple.
  6920 | Temple   | Entered the Ecumenical Temple
  7179 | Temple   | Became a worshipper of Gozag Ym Sagoz the Greedy
  7245 | D:7      | Found a flagged portal.
  7260 | Bailey   | Entered a bailey
  7318 | Bailey   | Reached XP level 10. HP: 55/64 MP: 10/10
  7414 | Bailey   | Reached skill level 8 in Shields
  7495 | Bailey   | Noticed Prince Ribbit
  7495 | Bailey   | Noticed a vault guard
  7515 | Bailey   | Killed a vault guard
  7531 | Bailey   | Killed Prince Ribbit
  7742 | Bailey   | Noticed a vault guard
  7751 | Bailey   | Killed a vault guard
  8094 | D:8      | Reached skill level 9 in Shields
  8456 | D:8      | Reached XP level 11. HP: 53/71 MP: 11/11
  9089 | D:9      | Noticed a centaur warrior
  9096 | D:9      | Killed a centaur warrior
  9122 | D:9      | Noticed a death yak
  9152 | D:9      | Killed a death yak
  9162 | D:9      | Noticed Grum
  9174 | D:9      | Killed Grum
  9192 | D:9      | Noticed a death yak
  9203 | D:9      | Noticed a death yak
  9215 | D:9      | Noticed a two-headed ogre
  9216 | D:9      | Killed a death yak
  9226 | D:9      | Killed a death yak
  9233 | D:9      | Reached skill level 10 in Shields
  9242 | D:9      | Killed a two-headed ogre
  9243 | D:9      | Reached skill level 10 in Fighting
  9243 | D:9      | Reached skill level 10 in Armour
  9329 | D:9      | Found a staircase to the Lair.
  9389 | D:9      | Noticed a two-headed ogre
  9396 | D:9      | Killed a two-headed ogre
  9397 | D:9      | Reached skill level 5 in Dodging
  9805 | D:9      | Bought a +1 cloak of preservation for 198 gold pieces
  9825 | D:10     | Entered Level 10 of the Dungeon
  9945 | D:10     | Noticed a two-headed ogre
  9952 | D:10     | Killed a two-headed ogre
 10091 | D:10     | Reached XP level 12. HP: 77/78 MP: 12/12
 10155 | D:10     | Found a staircase to the Orcish Mines.
 10759 | D:10     | Identified a scroll of acquirement
 10759 | D:10     | Acquired the +1 cloak of the Butterfly {Str+4}
 10859 | Lair:1   | Entered Level 1 of the Lair of Beasts
 11420 | Lair:1   | Noticed a four-headed hydra
 11426 | Lair:1   | Killed a four-headed hydra
 11427 | Lair:1   | Reached skill level 11 in Shields
 11800 | Lair:2   | Reached skill level 10 in Maces & Flails
 12565 | Lair:2   | Noticed a boulder beetle
 12578 | Lair:2   | Killed a boulder beetle
 13072 | Lair:3   | Noticed a boulder beetle
 13078 | Lair:3   | Killed a boulder beetle
 13116 | Lair:3   | Reached XP level 13. HP: 83/84 MP: 13/13
 13811 | Lair:3   | Found a hole to the Spider Nest.
 14097 | Lair:4   | Reached skill level 12 in Shields
 14342 | Lair:4   | Found a staircase to the Shoals.
 14632 | D:9      | Bought the +2 shield of Resistance {rF++ rC++ Will++} for
                  | 1103 gold pieces
 14632 | D:9      | Found the +2 shield of Resistance {rF++ rC++ Will++}
 15542 | Lair:5   | Gained mutation: Your large and strong wings let you fly.
                  | [Gargoyle growth]
 15542 | Lair:5   | Reached XP level 14. HP: 92/92 MP: 14/14
 15651 | Lair:5   | Reached skill level 13 in Shields
 16240 | Lair:6   | Entered Level 6 of the Lair of Beasts
 17724 | Lair:6   | Reached XP level 15. HP: 92/100 MP: 15/15
 17728 | Lair:6   | Reached skill level 14 in Shields
 17873 | Lair:6   | Found a staircase to the Slime Pits.
 18394 | D:9      | Bought the ring of Ignis's Whim {rElec rCorr Dex+7} for 827
                  | gold pieces
 18447 | Orc:1    | Entered Level 1 of the Orcish Mines
 18535 | Orc:1    | You are sucked into a shaft and drop 1 floor!
 18535 | Orc:2    | Entered Level 2 of the Orcish Mines
 18536 | Orc:2    | Found Foll's Book Boutique.
 18809 | Orc:2    | Found Qyff's Magic Scroll Boutique.
 18814 | Orc:2    | Found Qiz Qawoagh's Distillery.
 18823 | Orc:2    | Found Ackuny's Antique Weapon Shop.
 19265 | D:9      | Bought the ring "Dydoacao" {Contam rF+ Str+5 Dex+3} for 734
                  | gold pieces
 19404 | Orc:1    | Found Geres's Armour Boutique.
 19481 | Orc:1    | Noticed Nergalle
 19490 | Orc:1    | Killed Nergalle
 19675 | Orc:2    | Found Ocveg's Jewellery Shoppe.
 19687 | Orc:2    | Bought the ring of Thoughtfulness {Str+9 SInv} for 531 gold
                  | pieces
 20094 | Orc:2    | Found a staircase to the Elven Halls.
 20758 | D:11     | Noticed Sonja
 20780 | D:11     | Killed Sonja
 22056 | D:13     | Found Dimirr's Distillery.
 22107 | D:13     | Found a runed translucent gate.
 22107 | D:13     | Found a runed translucent gate.
 22107 | D:13     | Found a runed translucent gate.
 22507 | D:13     | Reached skill level 15 in Shields
 22794 | D:13     | Reached XP level 16. HP: 92/107 MP: 16/16
 23245 | D:13     | Reached skill level 15 in Armour
 23608 | D:14     | Noticed Kirke
 23622 | D:13     | Reached skill level 15 in Fighting
 23624 | D:13     | Killed Kirke
 23667 | D:14     | Found a gate to the Vaults.
 23734 | D:14     | Found a bloodstained altar of Trog.
 24023 | D:14     | You are sucked into a shaft and drop 1 floor!
 24023 | D:15     | Entered Level 15 of the Dungeon
 24034 | D:15     | Noticed Nessos
 24038 | D:15     | Killed Nessos
 24062 | D:15     | Found a staircase to the Depths.
 24675 | D:14     | Noticed Josephine
 24683 | D:14     | Killed Josephine
 25284 | Spider:1 | Entered Level 1 of the Spider Nest
 25343 | Shoals:1 | Entered Level 1 of the Shoals
 27044 | Shoals:2 | Reached skill level 16 in Shields
 27497 | Shoals:3 | Reached XP level 17. HP: 113/115 MP: 17/17
 27866 | Shoals:3 | Noticed a titan
 27898 | Shoals:3 | Killed a titan
 28956 | Shoals:4 | Entered Level 4 of the Shoals
 29098 | Shoals:4 | Identified the +4 scimitar "Nocodas" {vorpal, rN++ rCorr
                  | Dex+2}
 29102 | Shoals:4 | Reached skill level 15 in Maces & Flails
 29567 | Shoals:4 | Identified the +11 dagger "Zigaq" {vorpal, +Blink Dex-2
                  | Stlth+}
 30565 | Shoals:4 | Got a barnacled rune of Zot
 30693 | Shoals:4 | Noticed Louise
 30721 | Shoals:4 | Killed Louise
 31501 | Vaults:1 | Entered Level 1 of the Vaults
 31689 | Vaults:1 | Reached XP level 18. HP: 87/122 MP: 18/18
 31691 | Vaults:1 | Reached skill level 17 in Shields
 33660 | Vaults:1 | Noticed a quicksilver dragon
 34585 | Vaults:2 | Noticed Mara
 34589 | Vaults:2 | Noticed supermoro06's illusion
 34915 | Vaults:2 | Noticed a titan
 34922 | Vaults:2 | Killed a titan
 35023 | Vaults:2 | Identified the +5 scimitar of Equilibrium {flame, rF+
                  | Dex+4}
 35420 | Vaults:2 | Killed Mara
 35548 | Vaults:2 | Reached XP level 19. HP: 130/130 MP: 19/19
 35551 | Vaults:2 | Noticed a bone dragon
 35586 | Vaults:2 | Found a transporter.
 35588 | Vaults:2 | Noticed Wixyl's ghost (adept DsEE)
 35589 | Vaults:2 | Found a transporter.
 35659 | Vaults:2 | Reached skill level 18 in Shields
 35698 | Vaults:2 | Killed a bone dragon
 35709 | Vaults:2 | Reached skill level 10 in Dodging
 36302 | Vaults:2 | Found a staircase to the Crypt.
 36778 | Vaults:3 | Noticed Donald
 37049 | Vaults:3 | Killed Donald
 39001 | Vaults:4 | Reached XP level 20. HP: 137/137 MP: 20/20
 39634 | Vaults:4 | Reached skill level 19 in Shields
 41266 | Vaults:5 | Entered Level 5 of the Vaults
 41588 | Elf:1    | Entered Level 1 of the Elven Halls
 41851 | Elf:1    | Identified the +4 quarterstaff "Xoakiv" {holy, *Slow rC+
                  | Str+4 SInv}
 42252 | Elf:1    | Found Gulo Cig's Magic Scroll Emporium.
 42287 | Elf:1    | Bought a scroll of acquirement for 572 gold pieces
 42596 | Elf:1    | Acquired a manual of Shields
 42697 | Elf:1    | Found a runed translucent door.
 42705 | Elf:1    | Noticed Muybrudgh's ghost (journeyman DsFi)
 43146 | Elf:2    | Found a huge runed translucent gate.
 43146 | Elf:2    | Found a huge runed translucent gate.
 43146 | Elf:2    | Found a huge runed translucent gate.
 43146 | Elf:2    | Found a huge runed translucent gate.
 43146 | Elf:2    | Found a huge runed translucent gate.
 43194 | Elf:2    | Found Qeraokus's Book Boutique.
 44029 | Elf:2    | Noticed Agnes
 44049 | Elf:2    | Reached XP level 21. HP: 131/145 MP: 21/21
 44054 | Elf:2    | Killed Agnes
 44062 | Elf:2    | Reached skill level 20 in Shields
 44485 | Elf:3    | Entered Level 3 of the Elven Halls
 44501 | Elf:3    | Found Kanorabi's Jewellery Shop.
 44502 | Elf:3    | Found Ynliogai's Book Shoppe.
 44504 | Elf:3    | Found Vibod's Jewellery Shop.
 44596 | Elf:3    | Found Vurerut's Book Boutique.
 44730 | Elf:3    | Found Pojoeju's Assorted Antiques.
 44734 | Elf:3    | Bought a scroll of enchant armour for 225 gold pieces
 45512 | Elf:3    | Identified the amulet of Pyromania {Reflect rN+ Regen+
                  | Int+3 SH+5}
 45512 | Elf:3    | Identified the +4 lajatang of Lotoilev {speed, *Slow rC-
                  | rCorr Str+10}
 45516 | Elf:3    | Identified the amulet "Befizod" {-Cast Harm rN+++ Regen+
                  | Str-5}
 45530 | Elf:3    | Identified the +9 spear of the Onslaught {protect, rC+}
 46287 | Elf:3    | Identified the +7 falchion "Gabluju" {drain, rC+}
 46546 | Elf:3    | Identified the +2 pair of boots of Trumpets {rElec rC+
                  | Dex-3}
 47100 | Spider:1 | Reached skill level 21 in Shields
 48014 | D:10     | Bought a scroll of acquirement for 884 gold pieces
 48016 | D:10     | Acquired the +0 pair of gloves of Cuzym {rF+ rN++}
 48171 | Spider:2 | Found the brooch of Shielding {Spirit SH+8}
 48560 | Spider:3 | Noticed Arachne
 48589 | Spider:3 | Killed Arachne
 48645 | Spider:3 | Reached XP level 22. HP: 145/153 MP: 22/22
 49149 | Spider:3 | Reached XP level 23. HP: 158/158 MP: 23/23
 49178 | Spider:4 | Entered Level 4 of the Spider Nest
 49637 | Spider:4 | Reached skill level 22 in Shields
 49848 | Spider:4 | Got a gossamer rune of Zot
 50851 | D:15     | Found a white marble altar of Elyvilon.
 51483 | D:15     | Noticed Rupert
 51496 | D:15     | Killed Rupert
 51651 | Depths:1 | Entered Level 1 of the Depths
 52201 | Depths:1 | Found an ancient bone altar of Kikubaaqudgha.
 52434 | Depths:1 | Found a gateway to Hell.
 52524 | Depths:2 | You are sucked into a shaft and drop 2 floors!
 52524 | Depths:4 | Entered Level 4 of the Depths
 52540 | Depths:4 | Noticed a golden dragon
 52548 | Depths:4 | Killed a golden dragon
 52706 | Depths:4 | Found a one-way gate to the infinite horrors of the Abyss.
 52738 | Depths:4 | Noticed Parghit
 52792 | Depths:4 | Killed Parghit
 52913 | Depths:4 | Reached skill level 23 in Shields
 53357 | Depths:2 | Found Ytovas's Armour Emporium.
 53622 | Depths:2 | Found a one-way gateway to a ziggurat.
 53929 | Vaults:4 | Reached XP level 24. HP: 115/166 MP: 23/23
 54166 | Vaults:5 | Noticed a dread lich
 54364 | Vaults:4 | Killed a dread lich
 54394 | Vaults:5 | Noticed an ancient lich
 54415 | Vaults:4 | Killed an ancient lich
 54887 | Vaults:5 | Identified the +5 battleaxe "Otwopne" {antimagic, rN+
                  | Dex+3}
 54888 | Vaults:5 | Noticed an ancient lich
 55099 | Vaults:5 | Noticed an ancient lich
 55117 | Vaults:4 | Killed an ancient lich
 55262 | Vaults:5 | Killed an ancient lich
 55313 | Vaults:4 | Acquired the +0 cloak "Ymocs" {Str+6}
 55357 | Vaults:5 | Identified the +3 morningstar of the Boiling Point {speed,
                  | Int+2}
 55433 | Vaults:5 | Noticed a dread lich
 55452 | Vaults:5 | Killed a dread lich
 55785 | Vaults:5 | Got the Catalogue of the Glacier and the Volcanoes
 56269 | Vaults:5 | Got a silver rune of Zot
 56668 | Depths:2 | Found a stormy altar of Qazlal.
 56710 | Depths:2 | Found Tomn's Jewellery Shoppe.
 57040 | Depths:2 | Reached XP level 25. HP: 156/174 MP: 23/23
 57051 | Depths:2 | Reached skill level 24 in Shields
 57350 | Depths:2 | Found a one-way gate leading to the halls of Pandemonium.
 57358 | Depths:2 | Gained mutation: Your spells are a little easier to cast,
                  | but a little less powerful. [a cacodemon]
 57783 | Depths:3 | Found a runed translucent door.
 58143 | Depths:3 | Found a radiant altar of Vehumet.
 58143 | Depths:3 | Noticed an ancient lich
 58201 | Depths:3 | Noticed Xtahua
 58211 | Depths:3 | Killed Xtahua
 58450 | Depths:3 | Paralysed by a floating eye for 4 turns
 58457 | Depths:3 | Paralysed by a floating eye for 4 turns
 58787 | Depths:3 | Killed an ancient lich
 58871 | Depths:3 | Got the Catalogue of Conjuration
 59046 | Depths:4 | Identified the ring "Ysaipt" {rPois rCorr}
 59288 | Depths:4 | Found a gate to the Realm of Zot.
 59418 | Depths:4 | Bought the +0 helmet of the Six Telling Gods {Str+4} for
                  | 298 gold pieces
 59653 | Crypt:1  | Entered Level 1 of the Crypt
 59688 | Crypt:1  | Noticed Jory
 59707 | Crypt:1  | Killed Jory
 59863 | Crypt:1  | Noticed Khufu
 59886 | Crypt:1  | Killed Khufu
 60665 | Crypt:2  | Reached XP level 26. HP: 183/183 MP: 23/23
 61307 | Depths:4 | Bought a +1 crystal plate armour for 1305 gold pieces
 61557 | Crypt:3  | Entered Level 3 of the Crypt
 61803 | Crypt:3  | Found a basalt altar of Yredelemnul.
 62212 | Crypt:3  | Reached skill level 25 in Shields
 62291 | Crypt:3  | Got the Tome of Black Magic
 62420 | Crypt:3  | Noticed a royal mummy
 62669 | Crypt:3  | Identified the +8 battleaxe of Watchfulness {vorpal, +Blink
                  | rElec rPois MP+9}
 62769 | Crypt:3  | Killed a royal mummy
 62775 | Crypt:3  | Found a staircase to the Tomb.
 62940 | Crypt:3  | Identified the ring "Fimpol" {rC+ rN+ Int+4}
 62940 | Crypt:3  | Identified the ring "Yshrad" {rC+ rN+ Int+2}
 62940 | Crypt:3  | Identified the ring "Uqiepeum" {rN+ rCorr Str+5 SInv
                  | Stlth-}
 63853 | Zot:1    | Entered Level 1 of the Realm of Zot
 64674 | Zot:1    | Noticed an orb of fire
 64682 | Zot:1    | Gained mutation: You are weak. (Str -2) [an orb of fire]
 64683 | Zot:1    | Killed an orb of fire
 64949 | Zot:1    | Lost mutation: Your spells are a little easier to cast, but
                  | a little less powerful. [potion of mutation]
 64949 | Zot:1    | Lost mutation: You are weak. (Str -2) [potion of mutation]
 64949 | Zot:1    | Gained mutation: You have a somewhat thin skeletal
                  | structure. (Dex +2, Stealth+) [potion of mutation]
 65438 | Slime:1  | Entered Level 1 of the Pits of Slime
 65462 | Slime:1  | Gained mutation: You are clumsy. (Dex -2) [a shining eye]
 65464 | Slime:1  | Gained mutation: You are partially covered in iridescent
                  | scales. (AC +2) [a shining eye]
 65564 | Lair:6   | Lost mutation: You have a somewhat thin skeletal structure.
                  | (Dex +2, Stealth+) [potion of mutation]
 65564 | Lair:6   | Lost mutation: You are clumsy. (Dex -2) [potion of
                  | mutation]
 65564 | Lair:6   | Gained mutation: Your muscles are strong. (Str +2) [potion
                  | of mutation]
 65564 | Lair:6   | Gained mutation: Your flesh is heat resistant. (rF+)
                  | [potion of mutation]
 65564 | Lair:6   | Gained mutation: You possess an exceptional clarity of
                  | mind. [potion of mutation]
 65564 | Lair:6   | Gained mutation: You expend magic power (3 MP) to
                  | strengthen your wands. [potion of mutation]
 66175 | D:13     | Found a runed translucent gate.
 66175 | D:13     | Found a runed translucent gate.
 66178 | D:13     | Noticed FrechFries's ghost (journeyman HOFi)
 66181 | D:13     | Found a runed translucent gate.
 66200 | D:13     | Gained mutation: You sometimes lose the ability to read
                  | scrolls when taking damage. [a cacodemon]
 66219 | D:13     | Killed FrechFries's ghost
 66247 | D:13     | Lost mutation: You possess an exceptional clarity of mind.
                  | [potion of mutation]
 66247 | D:13     | Lost mutation: You expend magic power (3 MP) to strengthen
                  | your wands. [potion of mutation]
 66247 | D:13     | Lost mutation: You are partially covered in iridescent
                  | scales. (AC +2) [potion of mutation]
 66247 | D:13     | Gained mutation: Your body sometimes deteriorates upon
                  | taking damage. [potion of mutation]
 66247 | D:13     | Lost mutation: Your muscles are strong. (Str +2) [potion of
                  | mutation]
 66248 | D:13     | Lost mutation: You sometimes lose the ability to read
                  | scrolls when taking damage. [potion of mutation]
 66248 | D:13     | Lost mutation: Your flesh is heat resistant. (rF+) [potion
                  | of mutation]
 66248 | D:13     | Gained mutation: You are agile. (Dex +2) [potion of
                  | mutation]
 66249 | D:13     | Lost mutation: Your body sometimes deteriorates upon taking
                  | damage. [potion of mutation]
 66249 | D:13     | Lost mutation: You are agile. (Dex +2) [potion of mutation]
 66249 | D:13     | Gained mutation: You tend to lose your temper in combat.
                  | [potion of mutation]
 66249 | D:13     | Gained mutation: You are frail. (-10% HP) [potion of
                  | mutation]
 66249 | D:13     | Gained mutation: You are agile. (Dex +2) [potion of
                  | mutation]
 66250 | D:13     | Lost mutation: You are agile. (Dex +2) [potion of mutation]
 66250 | D:13     | Lost mutation: You tend to lose your temper in combat.
                  | [potion of mutation]
 66250 | D:13     | Gained mutation: You are agile. (Dex +2) [potion of
                  | mutation]
 66250 | D:13     | Gained mutation: You do not regenerate when monsters are
                  | visible. [potion of mutation]
 66250 | D:13     | Gained mutation: You possess an exceptional clarity of
                  | mind. [potion of mutation]
 66251 | D:13     | Lost mutation: You possess an exceptional clarity of mind.
                  | [potion of mutation]
 66251 | D:13     | Lost mutation: You are frail. (-10% HP) [potion of
                  | mutation]
 66251 | D:13     | Gained mutation: You are somewhat resistant to further
                  | mutation. [potion of mutation]
 66251 | D:13     | Gained mutation: Your mind is acute. (Int +2) [potion of
                  | mutation]
 66252 | D:13     | Lost mutation: Your mind is acute. (Int +2) [potion of
                  | mutation]
 66252 | D:13     | Lost mutation: You are somewhat resistant to further
                  | mutation. [potion of mutation]
 66252 | D:13     | Lost mutation: You do not regenerate when monsters are
                  | visible. [potion of mutation]
 66252 | D:13     | Lost mutation: You are agile. (Dex +2) [potion of mutation]
 66635 | Slime:2  | Reached XP level 27. HP: 190/190 MP: 23/23
 67634 | Slime:3  | You are sucked into a shaft and drop 1 floor!
 67634 | Slime:4  | Noticed Dissolution
 67646 | Slime:3  | Killed Dissolution
 67646 | Slime:3  | Gained mutation: Your spells are a little easier to cast,
                  | but a little less powerful. [a shining eye]
 69095 | Slime:5  | Entered Level 5 of the Pits of Slime
 69141 | Slime:5  | Gained mutation: You have hidden genetic defects. [a
                  | shining eye]
 69143 | Slime:5  | Gained mutation: You occasionally shout uncontrollably at
                  | your foes. [a shining eye]
 69153 | Slime:5  | Noticed the Royal Jelly
 69253 | Lair:6   | Lost mutation: You have hidden genetic defects. [potion of
                  | mutation]
 69253 | Lair:6   | Lost mutation: You occasionally shout uncontrollably at
                  | your foes. [potion of mutation]
 69253 | Lair:6   | Gained mutation: You tend to lose your temper in combat.
                  | [potion of mutation]
 69253 | Lair:6   | Gained mutation: You expend magic power (3 MP) to
                  | strengthen your wands. [potion of mutation]
 69253 | Lair:6   | Gained mutation: You are strong-willed. (Will+) [potion of
                  | mutation]
 69254 | Lair:6   | Lost mutation: Your spells are a little easier to cast, but
                  | a little less powerful. [potion of mutation]
 69254 | Lair:6   | Lost mutation: You expend magic power (3 MP) to strengthen
                  | your wands. [potion of mutation]
 69254 | Lair:6   | Lost mutation: You tend to lose your temper in combat.
                  | [potion of mutation]
 69254 | Lair:6   | Gained mutation: You passively map a small area around you.
                  | [potion of mutation]
 69254 | Lair:6   | Gained mutation: You have supernaturally acute eyesight.
                  | (SInv) [potion of mutation]
 69578 | Hell     | Entered the Vestibule of Hell
 69578 | Hell     | Noticed Geryon
 69666 | Hell     | Noticed Murray
 69690 | Depths:1 | Killed Murray
 70166 | Depths:1 | Reached skill level 26 in Shields
 70544 | Hell     | Killed Geryon
 70767 | Hell     | Found a gateway to the decaying netherworld of Tartarus.
 70867 | Hell     | Found a gateway to the freezing wastes of Cocytus.
 70980 | Hell     | Found a gateway to the Iron City of Dis.
 71090 | Hell     | Found a gateway to the ashen valley of Gehenna.
 71482 | Tomb:1   | Entered Level 1 of the Tomb of the Ancients
 72038 | Tomb:1   | Noticed a royal mummy
 72206 | Tomb:1   | Noticed a royal mummy
 72212 | Tomb:1   | Noticed a royal mummy
 72216 | Tomb:1   | Killed a royal mummy
 72218 | Tomb:1   | Noticed a royal mummy
 72238 | Tomb:1   | Killed a royal mummy
 72518 | Tomb:1   | Noticed a royal mummy
 72529 | Tomb:1   | Killed a royal mummy
 72536 | Tomb:1   | Killed a royal mummy
 73575 | Tomb:2   | Noticed a royal mummy
 73575 | Tomb:2   | Noticed a royal mummy
 73575 | Tomb:2   | Noticed a royal mummy
 73578 | Tomb:2   | Noticed a royal mummy
 74208 | Tomb:2   | Gained mutation: You are weak. (Str -2) [mutagenic glow]
 74216 | Tomb:2   | Gained mutation: You are clumsy. (Dex -2) [mutagenic glow]
 74223 | Tomb:2   | Gained mutation: You occasionally shout uncontrollably at
                  | your foes. [mutagenic glow]
 74271 | Tomb:2   | Lost mutation: You passively map a small area around you.
                  | [potion of mutation]
 74271 | Tomb:2   | Lost mutation: You have supernaturally acute eyesight.
                  | (SInv) [potion of mutation]
 74271 | Tomb:2   | Lost mutation: You occasionally shout uncontrollably at
                  | your foes. [potion of mutation]
 74271 | Tomb:2   | Gained mutation: You have a pair of small antennae on your
                  | head. [potion of mutation]
 74271 | Tomb:2   | Gained mutation: You are partially covered in iridescent
                  | scales. (AC +2) [potion of mutation]
 74272 | Tomb:2   | Lost mutation: You are weak. (Str -2) [potion of mutation]
 74272 | Tomb:2   | Lost mutation: You are strong-willed. (Will+) [potion of
                  | mutation]
 74272 | Tomb:2   | Gained mutation: Potions are less effective at restoring
                  | your health. [potion of mutation]
 74311 | Tomb:1   | Gained mutation: You have sharp toenails. [mutagenic glow]
 74325 | Tomb:1   | Gained mutation: Your body sometimes deteriorates upon
                  | taking damage. [mutagenic glow]
 74354 | Tomb:1   | Gained mutation: You sometimes lose the ability to read
                  | scrolls when taking damage. [mutagenic glow]
 75153 | Zot:2    | Found the macabre finger necklace {rN+}
 75256 | Depths:4 | Bought a potion of heal wounds for 100 gold pieces
 76590 | Zig:1    | Entered Level 1 of a ziggurat
 76631 | Zig:2    | Entered Level 2 of a ziggurat
 76672 | Zig:3    | Entered Level 3 of a ziggurat
 76879 | Zig:4    | Entered Level 4 of a ziggurat
 76935 | Zig:5    | Entered Level 5 of a ziggurat
 76940 | Zig:5    | Noticed a juggernaut
 76941 | Zig:5    | Found the +10 morningstar "Eos" {elec, Halo rElec}
 76952 | Zig:5    | Killed a juggernaut
 77139 | Zig:5    | Identified the ring "Bawken" {Str+4 Dex+6}
 77150 | Zig:5    | Lost mutation: You are clumsy. (Dex -2) [potion of
                  | mutation]
 77150 | Zig:5    | Lost mutation: You have sharp toenails. [potion of
                  | mutation]
 77150 | Zig:5    | Gained mutation: You occasionally shout uncontrollably at
                  | your foes. [potion of mutation]
 77152 | Zig:6    | Entered Level 6 of a ziggurat
 77153 | Zig:6    | Lost mutation: You are partially covered in iridescent
                  | scales. (AC +2) [potion of mutation]
 77153 | Zig:6    | Lost mutation: You occasionally shout uncontrollably at
                  | your foes. [potion of mutation]
 77153 | Zig:6    | Lost mutation: Potions are less effective at restoring your
                  | health. [potion of mutation]
 77153 | Zig:6    | Gained mutation: You have hidden genetic potential. [potion
                  | of mutation]
 77153 | Zig:6    | Gained mutation: You possess an exceptional clarity of
                  | mind. [potion of mutation]
 77160 | Zig:6    | Found the +7 sceptre of Torment {pain, torment}
 77160 | Zig:6    | Found the +9 scales of the Dragon King {rPois rF+ rC+
                  | Will+}
 77294 | Zig:6    | Identified the +0 plate armour "Vyomox" {rC+ SInv}
 77339 | Zig:7    | Entered Level 7 of a ziggurat
 77345 | Zig:7    | Noticed an ancient lich
 77372 | Zig:7    | Killed an ancient lich
 77419 | Zig:7    | Identified the ring "Itoralau" {rElec rF++ rC+ rN+ Int-5
                  | Stlth+}
 77449 | Zig:8    | Entered Level 8 of a ziggurat
 77455 | Zig:8    | Noticed Vuireum the pandemonium lord
 77455 | Zig:8    | Noticed Rissiqeycw the pandemonium lord
 77468 | Zig:8    | Reached skill level 27 in Shields
 77480 | Zig:8    | Killed Rissiqeycw the pandemonium lord
 77487 | Zig:8    | Killed Vuireum the pandemonium lord
 77613 | Zig:8    | Got Dyuloun's Grimoire of the Venomous Glacier
 77622 | Zig:8    | Identified the +9 war axe of Eriwenof {freeze, Fragile
                  | Str+2 Dex+4}
 77634 | Zig:9    | Entered Level 9 of a ziggurat
 77661 | Zig:9    | Noticed a royal mummy
 77665 | Zig:9    | Noticed a royal mummy
 77686 | Zig:9    | Killed a royal mummy
 77720 | Zig:9    | HP: 9/195 [emperor scorpion[a royal mummy] (6)]
 77733 | Zig:9    | Slain by an emperor scorpion

Illustrated notes

Levels and vault maps discovered:
D:1:      eino_arrival_cavern_e, layout_loops_ring,
          shapermc_ecumenical_altar_mp_urbaneastern
D:2:      layout_basic
D:3:      layout_basic, serial_glass, glass_columns_b, glass_columns_c,
          due_unseen_surprise, minmay_strange_pillars, minmay_strange_pillars,
          minmay_misc_feat_cross, dreamdust_princess_corridor
D:4:      layout_loops_ring, minmay_checkerbox
D:5:      layout_basic, chequers_serial_rivers_room_a, uniq_edmund,
          uniq_eustachio, uniq_crazy_yiuf_cottage
D:6:      layout_gridville, mainiacjoe_overflow_tiny_flanked, uniq_maggie
D:7:      layout_rooms, minmay_temple_entry_large_hall, enter_bailey_7
D:8:      layout_basic, minmay_misc_feat_diagonals
D:9:      layout_rooms, dpeg_lair_monsters, uniq_grum
D:10:     layout_loops_corners, orc_0_dummy, dreamdust_mushroom_princess,
          grunt_ministairs_11, minmay_quadrilaterals
D:11:     layout_basic, grunt_tough_drop, uniq_sonja
D:12:     layout_irregular_city, kennysheep_windowed_goal
D:13:     layout_layer_cave, ploomutoo_gammafunk_ghost_potion_laboratory,
          nicolae_take_the_stairs, grunt_ministairs_9, item_on_display_a
D:14:     layout_basic, david_vaults_5, bloody_trog, uniq_kirke, uniq_josephine
D:15:     gammafunk_depths_entry_grave, layout_irregular_city,
          minmay_misc_feat_five, minmay_misc_feat_tiny, elyvilon_altar_3,
          uniq_nessos, uniq_rupert
Temple:   mainiacjoe_temple_hex_bubbles
Lair:1:   layout_regular_city, serial_forest, infiniplex_forest_end_3,
          infiniplex_forest_clump_diagonal, infiniplex_forest_clump_long,
          infiniplex_forest_clump_medium, infiniplex_forest_straight_4,
          infiniplex_forest_straight_2, infiniplex_forest_lined_ring,
          infiniplex_forest_clump_tiny
Lair:2:   layout_loops_ring, minmay_holes, dreamdust_gnoll_shepherd,
          grunt_megastairs_3, serial_bayou_shore_b
Lair:3:   layout_misc_corridors, spider_nest_entry_a,
          chequers_serial_rivers_room_b
Lair:4:   layout_regular_city, elwin_shoals_entry_stream, roderic_carrion_pond,
          infiniplex_staircase_pool_2
Lair:5:   layout_cave_pods
Lair:6:   minmay_lair_end_frog_pond, layout_regular_city,
          nicolae_slime_entry_slimehenge, chequers_serial_rivers_micro_b
Shoals:1: layout_shoals, nicolae_shoals_land_atoll
Shoals:2: layout_shoals
Shoals:3: cheibrodos_shoals_gigantism, layout_shoals
Shoals:4: shoals_end_grunt_ice, layout_shoals, kb_tengu_band, uniq_louise
Spider:1: nicolae_spider_mines_1
Spider:2: layout_cave_pods, hangedman_spider_tarantella_strand
Spider:3: layout_spider_delve, special_room [special_room_bee], uniq_arachne
Spider:4: hellmonk_spider_rune_bug_friends, hellmonk_spider_spawner
Slime:1:  layout_caves
Slime:2:  cheibrodos_slime_lost_civilization_2, layout_caves,
          nicolae_slime_welcoming_committee
Slime:3:  layout_caves
Slime:4:  layout_caves, dissolution_awaits
Slime:5
Orc:1:    layout_caves, serial_shops, shop, uniq_nergalle
Orc:2:    st_orc_open, layout_caves, serial_shops, nicolae_shop_trees
Elf:1:    eino_elf_arrival_sip, layout_geoelf_diagonals,
          portal_ice_cave_entry_ice_simulacra, hellmonk_ghost_happy_afterlife,
          serial_shops, shop, evilmike_minifort, grunt_megastairs_4
Elf:2:    elven_hall_of_blades_hangedman_alternative
          [nicolae_blade_entry_sentries_behind_glass], layout_geoelf_octagon,
          serial_shops, shop_statue, uniq_agnes
Elf:3:    minmay_elf_hall_x, layout_rooms, serial_shops,
          nicolae_shop_overgrown_old_shop, shop, minmay_shop_grove
Vaults:1: grunt_vaults_hallway_long, vaults_room_door_hall,
          hangedman_vaults_stream, vaults_mumra_minichess_inversion,
          v_pattern_2, nicolae_vaults_circle_grid_b,
          vaults_room_grunt_arrival_checkpoint, nicolae_vaults_specimen_jars,
          v_misc_22, vaults_room_fours, nicolae_vaults_little_squares_2,
          vaults_room_pool, layout_vaults_chaotic_city
Vaults:2: gammafunk_ghost_mausoleum, nicolae_vaults_quadrants, v_misc_26,
          minmay_crypt_entry_nasty_monster, dpeg_vaults_monster_box,
          nicolae_vaults_angled_halls, nicolae_vaults_little_squares_4,
          vaults_mumra_minichess, nicolae_vaults_mini_display_case,
          vaults_room_door_hall, vaults_room_octagon, ontoclasm_vaults_shuriken,
          ontoclasm_vaults_gateway, layout_vaults_ring, uniq_mara
Vaults:3: mu_enter_wizlab_6, hangedman_vaults_cutoff,
          grunt_vaults_hallway_short, vaults_mumra_lcd, vaults_room_corners,
          v_rooms_3, ontoclasm_vaults_pinch, nicolae_vaults_alarming,
          nicolae_vaults_little_squares_6, v_misc_27, hangedman_vaults_capsules,
          layout_vaults_omnicross, uniq_donald, uniq_margery
Vaults:4: hangedman_vaults_nodes, hangedman_vaults_restitches,
          vaults_room_hallway, v_misc_9, vaults_room_grunt_arrival_ludios,
          nicolae_vaults_windows_and_doors_thing, v_misc_16, v_misc_29,
          vaults_dpeg_encased_lava, v_misc_24, layout_vaults_quadrants
Vaults:5: serial_shops
Crypt:1:  layout_rooms, minmay_misc_feat_hallway, uniq_khufu, uniq_jory
Crypt:2:  layout_misc_corridors, roderic_lattice_octagonal_star, uniq_josephina
Crypt:3:  grunt_crypt_end_deaths_head
Tomb:1
Tomb:2
Depths:1: layout_cave_pools, lightli_too_deep, hex_tiny,
          kennysheep_another_room, kiku_gazebo_pond_becter, grunt_megastairs_2,
          serial_bayou_shore_a
Depths:2: minmay_coctagon, layout_honeycomb, enter_ziggurat_e,
          nicolae_qazlal_style_of_elements, rand_demon_pan_entry_9,
          pf_dread_powers_of_hell, infiniplex_staircase_zigzag_4,
          minmay_shoptagon
Depths:3: cheibrodos_salmonella, layout_gridville, pan_entry, hell_entry,
          abyss_entry, corexii_hall_statues_deadend, eino_tiny_chamber,
          grunt_absolute_annihilation, uniq_xtahua
Depths:4: grunt_zot_entry_gee_three, layout_gridlike, minivault_11, abyss_entry,
          hell_entry, uniq_parghit
Hell
Zot:1:    layout_onion, grunt_megastairs_1
Zot:2:    circus_mu, layout_misc_corridors, st_single_dragon_hoard_3,
          lemuel_elevator
Zot:3:    layout_onion
Zig:9

Skill      XL: |  1  2  3  4  5  6  7  8  9 10 11 12 13 14 15 16 17 18 19 20 21 22 23 24 25 26 27 |
---------------+----------------------------------------------------------------------------------+-----
Fighting       | 4 5 6 7 9 10 11 12 13 14 15 16 17 18 19 20 21 22 23 24 25 | 25.7
Maces & Flails | 3 4 5 6 8 9 10 11 12 13 14 15 16 17 18 19 20 21 22 23 | 23.7
Armour         | 4 5 6 7 9 10 11 12 13 14 15 16 17 18 19 20 21 22 23 24 25 | 25.7
Dodging        | 1 2 3 4 5 6 7 8 9 10 11 12 13 14 | 14.7
Shields        | 4 5 6 7 9 10 11 12 13 15 16 17 18 19 21 23 24 25 27 | 27.0
Evocations     | |  0.5

Action                   |  1- 3 |  4- 6 |  7- 9 | 10-12 | 13-15 | 16-18 | 19-21 | 22-24 | 25-27 || total
-------------------------+-------+-------+-------+-------+-------+-------+-------+-------+-------++-------
Melee: Flail             |   121 |   122 |    65 |       |       |       |       |       |       ||   308
       Morningstar       |       |       |   117 |   457 |  1024 |  1241 |  1564 |  1393 |  3034 ||  8830
Invok: Call Merchant     |       |       |       |     2 |     1 |     3 |     2 |     3 |     2 ||    13
Evoke: Wand              |       |       |       |     5 |     5 |     1 |       |     1 |     9 ||    21
       Lightning rod     |       |       |       |       |       |     4 |       |       |     1 ||     5
       Horn of Geryon    |       |       |       |       |       |       |       |       |     1 ||     1
  Use: Scroll            |     3 |     8 |     7 |     7 |     5 |     7 |    11 |     2 |    15 ||    65
       Potion            |     1 |     2 |       |     3 |       |     4 |     4 |     1 |    35 ||    50
 Stab: Distracted        |       |       |       |     7 |    14 |    10 |    20 |    17 |    22 ||    90
       Paralysed         |       |       |       |       |     1 |       |       |     5 |       ||     6
       Invisible         |       |       |       |       |       |       |       |       |     1 ||     1
Armor: Scale mail        |    66 |    16 |       |       |       |       |       |       |       ||    82
       Plate armour      |       |    33 |   116 |   195 |   281 |   496 |   623 |   585 |   299 ||  2628
       Crystal plate arm |       |       |       |       |       |       |       |       |   964 ||   964
       Gold dragon scale |       |       |       |       |       |       |       |       |   269 ||   269
Dodge: Dodged            |    78 |    66 |    92 |   161 |   309 |   436 |   574 |   500 |  1374 ||  3590
       Repelled          |       |       |       |     1 |       |       |       |       |       ||     1
Block: Buckler           |    40 |    24 |    58 |    77 |       |       |       |       |       ||   199
       Kite shield       |       |       |       |   265 |   984 |  1304 |  1660 |  1492 |  3638 ||  9343
       Reflection        |       |       |       |     7 |    23 |    54 |    84 |    38 |    29 ||   235

Table legend: (Time is in decaauts)
 A = Elapsed time spent in this place.
 B = Non-inter-level travel time spent in this place.
 C = Inter-level travel time spent in this place.
 D = Time resting spent in this place.
 E = Time spent auto-exploring this place.
 F = Levels seen in this place.
 G = Mean time per level.
                   A        B        C        D        E       F      G
               +--------+--------+--------+--------+--------+-----+--------+
         Total |  76373 |  66881 |   9492 |   9595 |  41375 |  68 | 1123.1 |
       Dungeon |  18691 |  15405 |   3286 |   1423 |  11099 |  15 | 1246.1 |
        Temple |    293 |    220 |     73 |      0 |    216 |   1 |  293.0 |
          Lair |   8895 |   6772 |   2123 |    384 |   4975 |   6 | 1482.5 |
        Shoals |   5633 |   5393 |    240 |    405 |   3977 |   4 | 1408.2 |
   Spider Nest |   3405 |   3128 |    277 |    258 |   2054 |   4 |  851.2 |
    Slime Pits |   2937 |   2773 |    164 |    297 |   1825 |   5 |  587.4 |
  Orcish Mines |   1724 |   1445 |    279 |    115 |    876 |   2 |  862.0 |
   Elven Halls |   4940 |   4768 |    172 |   1356 |   2462 |   3 | 1646.7 |
        Vaults |  12498 |  11260 |   1238 |   2375 |   6179 |   5 | 2499.6 |
         Crypt |   2971 |   2708 |    263 |    214 |   1683 |   3 |  990.3 |
          Tomb |   3034 |   2936 |     98 |   1169 |    827 |   2 | 1517.0 |
        Depths |   6404 |   5382 |   1022 |   1000 |   2856 |   4 | 1601.0 |
          Hell |    647 |    647 |      0 |      0 |    315 |   1 |  647.0 |
           Zot |   2659 |   2410 |    249 |      0 |   1832 |   3 |  886.3 |
      Ziggurat |   1081 |   1081 |      0 |    438 |     17 |   9 |  120.1 |
        Bailey |    554 |    554 |      0 |    160 |    181 |   1 |  554.0 |
               +--------+--------+--------+--------+--------+-----+--------+

Top non-repeatable levels by time:
Vaults:4: 3416 daAuts
Vaults:2: 3091 daAuts
Vaults:1: 2832 daAuts
  Tomb:1: 2340 daAuts
Shoals:4: 2196 daAuts
  Lair:6: 2115 daAuts
Depths:1: 2071 daAuts
    D:13: 2032 daAuts
   Elf:3: 1975 daAuts
Vaults:3: 1970 daAuts
    D:14: 1790 daAuts
    D:10: 1756 daAuts
  Lair:1: 1563 daAuts
 Crypt:3: 1546 daAuts
   Elf:2: 1529 daAuts
